 Dungeon Crawl Stone Soup version 0.24.1-8-ga250c9d538 (webtiles) character file.

Game seed: 13257563583305181541, levelgen mode: deterministic

156 Peloso the Covered (level 5, 18/41 HPs)
             Began as a Demonspawn Fighter on May 1, 2020.
             Got out of the dungeon alive.
             The game lasted 00:05:39 (2798 turns).

Peloso the Covered (Demonspawn Fighter)             Turns: 2798, Time: 00:05:40

Health: 18/41      AC:  8    Str: 18    XL:     5   Next: 14%
Magic:  5/5        EV:  7    Int:  9    God:
Gold:   160        SH: 10    Dex: 12    Spells: 4/4 levels left

rFire    + . .     SeeInvis .   a - +0 long sword
rCold    . . .     Gourm    .   c - +1 shield
rNeg     + . .     Faith    .   b - +0 scale mail
rPois    +         Spirit   .   (helmet restricted)
rElec    .         Reflect  .   (no cloak)
rCorr    +         Harm     .   j - +0 pair of gloves
MR       .....                  (no boots)
Stlth    ..........             (no amulet)
HPRegen  0.13/turn              m - ring of resist corrosion
MPRegen  0.09/turn              i - ring of positive energy (curse)

@: no status effects
A: antennae 1, talons 1, blurry vision 1, demonic guardian 1, fire resistance 1,
poison resistance, evolution 1, MP-powered wands
a: no special abilities


You escaped.
You were hungry.

You visited 1 branch of the dungeon, and saw 4 of its levels.

You collected 160 gold pieces.

Inventory:

Hand Weapons
 a - a +0 long sword (weapon)
Armour
 b - a +0 scale mail (worn)
 c - a +1 shield (worn)
 j - a +0 pair of gloves (worn)
Jewellery
 e - an uncursed ring of poison resistance
 i - a cursed ring of positive energy (right hand)
 m - a ring of resist corrosion (left hand)
Scrolls
 g - 3 scrolls of teleportation
 h - 2 scrolls of remove curse
 l - a scroll of noise
 o - a scroll of enchant armour
Potions
 d - a potion of might
Comestibles
 f - 3 rations


   Skills:
 + Level 3.1 Fighting
 + Level 3.2 Long Blades
 + Level 3.7 Armour
 + Level 0.9 Dodging
 + Level 0.1 Stealth
 + Level 3.3 Shields


You had 4 spell levels left.
You didn't know any spells.
Your spell library was empty.

Dungeon Overview and Level Annotations

Branches:
Dungeon (4/15)
 Temple: D:4-7

Altars:
Dithmenos
Elyvilon
Ru
Sif Muna
Yredelemnul
Zin

Shops:
D:4 }


Innate Abilities, Weirdness & Mutations

You have sharp toenails.
A weak demonic guardian rushes to your aid.
You have a pair of small antennae on your head.
Scrolls take you a little longer to read.
Your flesh is heat resistant. (rF+)
Your system is resistant to poisons. (rPois)
You evolve.
You expend magic power (3 MP) to strengthen your wands.


Message History

You climb upwards.
There is a stone staircase leading down here.
Unknown command.
(D) Dungeon
Where to? (Enter - D:9, ? - help)
What level of the Dungeon? (default 1, ? - help)
There is a stone staircase leading up here.
You climb upwards.
There is a stone staircase leading down here.
You feel a little less mighty now.
(D) Dungeon
Where to? (Enter - D:1 @ (x,y), ? - help)
There is a stone staircase leading up here.
You climb upwards.
There is a stone staircase leading down here.
There is an open door here.
There is an open door here.
There is a staircase leading out of the dungeon here.
Are you sure you want to leave the Dungeon?
This will make you lose the game!
You have escaped!

#....###..#.....######....#.#.
#....#...######.#....#....#.#.
#...##.###......#.##.##...#.##
#..'##...#.######.##[.#'..#.#
#..#.###.#....# #.###..#..#.#
#.##...#.####.###.#######.#.#
#.####.#.####'##...######.#.##
#.####.#...'...+.#.....##.#...
#.'..#.#####.@.#####.#..+.####
#.##.....#.'...'...#.####.# #
#.######...##'####.#.####.# #
#.###########.####.#...##.# #
#..#..###........#.###.#..####
#..'#..##.######.#...##'.....)
#...##.##.#......###.##....###
#....#....#.######...#.....#
#....######.....#..###.....#


There were no monsters in sight!

Vanquished Creatures
  An orc wizard (D:3)
  4 adders
  An ooze (D:3)
  A ball python (D:3)
  8 goblins
  7 hobgoblins
  5 jackals
  6 kobolds
  2 quokkas
  5 bats
  3 frilled lizards
  10 rats
53 creatures vanquished.

Vanquished Creatures (collateral kills)
  Ijyb (D:3)
  Terence (D:3)
  A leopard gecko (D:3)
  A quokka (D:3)
  A rat (D:3)
5 creatures vanquished.

Vanquished Creatures (others)
  A jackal (D:3)
1 creature vanquished.

Grand Total: 59 creatures vanquished

Notes
Turn   | Place    | Note
-------+----------+-------------------------------------------
     0 | D:1      | Peloso the Demonspawn Fighter began the quest for the Orb.
     0 | D:1      | Reached XP level 1. HP: 18/18 MP: 1/1
   343 | D:1      | Gained mutation: A weak demonic guardian rushes to your
                  | aid. [demonic ancestry]
   343 | D:1      | Reached XP level 2. HP: 20/24 MP: 2/2
  1221 | D:2      | Found a glowing silver altar of Zin.
  1221 | D:2      | Found a white marble altar of Elyvilon.
  1375 | D:2      | Reached XP level 3. HP: 28/29 MP: 3/3
  1429 | D:2      | Found a basalt altar of Yredelemnul.
  1994 | D:2      | Found a shadowy altar of Dithmenos.
  2316 | D:3      | Noticed Terence
  2329 | D:3      | Killed Terence
  2329 | D:3      | Gained mutation: You have sharp toenails. [demonic
                  | ancestry]
  2329 | D:3      | Reached XP level 4. HP: 23/35 MP: 4/4
  2396 | D:3      | Found a shimmering blue altar of Sif Muna.
  2483 | D:3      | Found a sacrificial altar of Ru.
  2680 | D:3      | Noticed Ijyb
  2699 | D:3      | Gained mutation: You have a pair of small antennae on your
                  | head. [potion of mutation]
  2699 | D:3      | Gained mutation: Your flesh is heat resistant. (rF+)
                  | [potion of mutation]
  2699 | D:3      | Gained mutation: You expend magic power (3 MP) to
                  | strengthen your wands. [potion of mutation]
  2699 | D:3      | Gained mutation: You are somewhat resistant to further
                  | mutation. [potion of mutation]
  2703 | D:3      | Killed Ijyb
  2703 | D:3      | Reached XP level 5. HP: 5/41 MP: 5/5
  2704 | D:3      | Lost mutation: You are somewhat resistant to further
                  | mutation. [potion of mutation]
  2704 | D:3      | Gained mutation: Scrolls take you a little longer to read.
                  | [potion of mutation]
  2704 | D:3      | Gained mutation: You evolve. [potion of mutation]
  2704 | D:3      | Gained mutation: Your system is resistant to poisons.
                  | (rPois) [potion of mutation]
  2726 | D:4      | Found Rap Elopumm's Gadget Boutique.
  2798 | D:$      | Got out of the dungeon alive.

Levels and vault maps discovered:
D:1:      nicolae_arrival_somewhat_less_tricky_arrival, layout_basic
D:2:      layout_basic, nicolae_dithmenos_shadow_blocks, lemuel_round_altar,
          chequers_temple_overflow_statue_of_worship, kennysheep_generic_room_16
D:3:      layout_rooms, nicolae_ru_great_annihilating_truth, lemuel_round_altar,
          serial_curves, eino_curves_01, eino_curves_02, eino_curves_02,
          eino_curves_04, uniq_ijyb, uniq_terence
D:4:      layout_cave_pools, serial_shops, shop, shop

Skill      XL: |  1  2  3 |
---------------+----------+-----
Long Blades    | 2 3 |  3.2
Armour         | 3 |  3.7
Shields        | 3 |  3.3
Fighting       | |  3.1
Dodging        | |  0.9
Stealth        | |  0.1

Action                   |  1- 3 |  4- 6 || total
-------------------------+-------+-------++-------
Melee: Long sword        |   147 |    50 ||   197
       Kick              |       |    13 ||    13
  Use: Scroll            |     4 |     2 ||     6
       Potion            |     1 |     3 ||     4
 Stab: Invisible         |       |     1 ||     1
  Eat: Chunk             |     1 |     1 ||     2
       Ration            |     1 |       ||     1
Armor: Scale mail        |    70 |    15 ||    85
Dodge: Dodged            |    52 |    15 ||    67
Block: Shield            |    96 |    29 ||   125
       Rpst.: Long sword |    17 |     7 ||    24
